 Dungeon Crawl Stone Soup version 0.28-a0-980-g3664467d6e (webtiles) character file.

Game seed: 5831850471820888148

79 BinkBink the Skirmisher (level 4, -6/32 HPs)
             Began as a Demonspawn Monk on Dec 2, 2021.
             Was a Believer of Hepliaklqana.
             Mangled by an ogre (21 damage)
             ... on level 4 of the Dungeon.
             The game lasted 00:06:10 (3255 turns).

BinkBink the Skirmisher (Demonspawn Monk)           Turns: 3255, Time: 00:06:12

Health: -6/32      AC:  2    Str: 12    XL:     4   Next: 16%
Magic:  4/4        EV: 14    Int: 11    God:    Hepliaklqana [**....]
Gold:   104        SH:  0    Dex: 23    Spells: 3/3 levels left

rFire   + . .      SeeInvis .   a - +0 short sword
rCold   . . .      Faith    +   (no shield)
rNeg    . . .      Spirit   .   b - +0 robe
rPois   .          Reflect  .   (helmet restricted)
rElec   .          Harm     .   (no cloak)
rCorr   .          Rampage  .   (no gloves)
Will    .....                   (no boots)
Stlth   ++........              l - amulet of faith
HPRegen 0.10/turn               h - +6 ring of dexterity
MPRegen 0.09/turn               t - ring of protection from fire

@: about to teleport
A: reduced essence, antennae 1, ignite blood 2
a: Renounce Religion, Recall Ancestor, Ancestor Identity


You were on level 4 of the Dungeon.
You worshipped Hepliaklqana.
Hepliaklqana was pleased with you.
You visited 1 branch of the dungeon, and saw 4 of its levels.

You collected 104 gold pieces.

Inventory:

Hand Weapons
 a - a +0 short sword (weapon)
Armour
 b - a +0 robe (worn)
Jewellery
 f - a +6 ring of intelligence
 g - a ring of magical power
 h - a +6 ring of dexterity (left hand)
 l - an amulet of faith (around neck)
 t - a ring of protection from fire (right hand)
Wands
 p - a wand of charming (5)
 q - a wand of flame (3)
Scrolls
 d - 3 scrolls of identify
 e - a scroll of silence {unknown}
 k - 4 scrolls of teleportation
 n - a scroll of noise {unknown}
 s - a scroll of vulnerability {unknown}
 u - a scroll of enchant weapon {unknown}
Potions
 c - a potion of flight {unknown}
 i - a potion of heal wounds {unknown}
 j - a potion of curing
 m - a potion of might {unknown}
 o - a potion of haste {unknown}
 r - a potion of attraction {unknown}


   Skills:
 + Level 3.6 Fighting
 + Level 3.6 Short Blades
 + Level 3.3 Dodging
 - Level 1.7 Stealth


You had 3 spell levels left.
You didn't know any spells.
Your spell library was empty.

Dungeon Overview and Level Annotations

Branches:
Dungeon (4/15)
 Temple: D:4-7

Altars:
Hepliaklqana

Shops:
D:3 [


Innate Abilities, Weirdness & Mutations

Your life essence is reduced to manifest your ancestor. (-10% HP)
You have a pair of small antennae on your head.
Your demonic aura often causes spilled blood to erupt in flames.


Message History

You hear an angry hiss.
A centaur comes into view.
The adder skeleton closely misses you.
The centaur wields a +0 shortbow.
The centaur shoots an arrow.
The arrow barely misses you.
You hit the adder skeleton.
The adder skeleton is moderately damaged.
The adder skeleton completely misses you.
You hit the ogre.
The ogre is lightly wounded.
The ogre hits you with a +0 giant spiked club!!
Ouch! That really hurt!
* * * LOW HITPOINT WARNING * * *
A ball python comes into view.
The adder skeleton barely misses you.
Mirna casts a spell at the adder skeleton.
The adder skeleton resists with significant effort.
As you read the scroll labelled FYDUXOS CUHIESK, it crumbles to dust.
It is a scroll of identify.
k - 5 scrolls of teleportation The hobgoblin hits you.
* * * LOW HITPOINT WARNING * * *
The adder skeleton closely misses you. The ogre barely misses you.
As you read the scroll of teleportation, it crumbles to dust.
You feel strangely unstable. The hobgoblin barely misses you.
The adder skeleton bites you but does no damage.
It was a potion of curing.
You feel better.
The hobgoblin hits you but does no damage.
The ogre barely misses you. The adder skeleton bites you.
Mirna casts a spell at the adder skeleton.
The adder skeleton resists with significant effort.
You hit the ogre.
The ogre is lightly wounded.
The hobgoblin misses you. The adder skeleton bites you. The ogre misses you.
You hit the ogre but do no damage.
The ogre is lightly wounded.
The hobgoblin hits you.
The adder skeleton completely misses you.
The ogre hits you with a +0 giant spiked club!!
Ouch! That really hurt!
You die...

##....#..
......#.#
##.....#.#
#.#...#.##
#.#...#<.# #
#.#...#.##.#
#..........#
##...##O####.#
#.....R@Z...#
#...##g######
$... .oc#
......So#
.≈......#
.≈#......
#..##.# ##. ..


You could see the friendly Mirna the hexer, an ogre, a centaur, 2 orcs, a
hobgoblin, a ball python and an adder skeleton (ally target).

Vanquished Creatures
  A lemure (D:3)
  An adder (D:3)
  A dart slug (D:3)
  An orc (D:3)
  10 ball pythons
  4 bats
  10 endoplasms
  2 giant cockroaches
  4 goblins
  3 hobgoblins (D:1)
  8 jackals
  5 kobolds
  2 quokkas
  4 frilled lizards
  A rat (D:2)
57 creatures vanquished.

Vanquished Creatures (collateral kills)
  An orc (D:4)
1 creature vanquished.

Grand Total: 58 creatures vanquished

Notes
Turn   | Place    | Note
-------+----------+-------------------------------------------
     0 | D:1      | BinkBink the Demonspawn Monk began the quest for the Orb.
     0 | D:1      | Reached XP level 1. HP: 18/18 MP: 1/1
   383 | D:1      | Gained mutation: Your demonic aura sometimes causes spilled
                  | blood to erupt in flames. [demonic ancestry]
   383 | D:1      | Reached XP level 2. HP: 13/24 MP: 2/2
  1432 | D:2      | Gained mutation: You have a pair of small antennae on your
                  | head. [demonic ancestry]
  1432 | D:2      | Reached XP level 3. HP: 17/29 MP: 3/3
  2426 | D:3      | Found a faded altar of an unknown god.
  2540 | D:3      | Gained mutation: Your demonic aura often causes spilled
                  | blood to erupt in flames. [demonic ancestry]
  2540 | D:3      | Reached XP level 4. HP: 36/36 MP: 4/4
  2639 | D:3      | Found Lidwu's Antique Armour Shop.
  2761 | D:4      | Noticed a lemure
  2761 | D:4      | Noticed an ogre
  2762 | D:4      | Noticed a lemure
  2793 | D:3      | Prayed at the altar of an unknown god.
  2793 | D:3      | Became a worshipper of Hepliaklqana the Forgotten
  2793 | D:3      | Reached * piety under Hepliaklqana
  2793 | D:3      | Reached ** piety under Hepliaklqana
  2795 | D:3      | Remembered your ancestor Mirna as a hexer
  3164 | D:3      | Killed a lemure
  3248 | D:4      | Noticed a centaur
  3255 | D:4      | Mangled by an ogre

Illustrated notes

Levels and vault maps discovered:
D:1:      pf_arrival_petrified_forest, layout_basic
D:2:      kb_forest_paths, layout_basic
D:3:      layout_basic, hellmonk_ecumenical_altar_blasted, serial_shops,
          nicolae_lakefront_shop
D:4:      layout_basic, serial_shops, shop_fountains, gammafunk_ghost_split,
          chequers_serial_rivers_micro_e, uniq_pikel, uniq_sigmund

Skill      XL: |  1  2 |
---------------+-------+-----
Short Blades   | 3 |  3.6
Dodging        | 3 |  3.3
Fighting       | |  3.6
Stealth        | |  1.7

Action                   |  1- 3 |  4- 6 || total
-------------------------+-------+-------++-------
Melee: Short sword       |   157 |    41 ||   198
Invok: Recall Ancestor   |       |     2 ||     2
       Ancestor Life: He |       |     1 ||     1
  Use: Scroll            |       |     2 ||     2
       Potion            |       |     1 ||     1
 Stab: Sleeping          |    10 |     2 ||    12
       Distracted        |     2 |       ||     2
Armor: Robe              |    24 |     6 ||    30
Dodge: Dodged            |    97 |    44 ||   141

Table legend: (Time is in decaauts)
 A = Elapsed time spent in this place.
 B = Non-inter-level travel time spent in this place.
 C = Inter-level travel time spent in this place.
 D = Time resting spent in this place.
 E = Time spent auto-exploring this place.
 F = Levels seen in this place.
 G = Mean time per level.
                   A        B        C        D        E       F      G
               +--------+--------+--------+--------+--------+-----+--------+
         Total |   3244 |   3072 |    172 |      0 |   2584 |   4 |  811.0 |
       Dungeon |   3244 |   3072 |    172 |      0 |   2584 |   4 |  811.0 |
               +--------+--------+--------+--------+--------+-----+--------+

Top non-repeatable levels by time:
     D:1: 1327 daAuts
     D:2: 1001 daAuts
     D:3: 893 daAuts
     D:4: 21 daAuts
